 Seeded DCSS version 0.31-a0-986-g5e6e4ef867 (webtiles) character file.

Game seed: 17557807692443385650 (custom seed)

2529 voltaire321 the Nimble (level 9, -1/69 (72) HPs)
             Began as a Merfolk Gladiator on Nov 6, 2023.
             Engulfed by a steam dragon's steam (4 damage)
             ... on level 7 of the Dungeon.
             The game lasted 00:15:56 (4672 turns).

voltaire321 the Nimble (Merfolk Gladiator)          Turns: 4672, Time: 00:15:56

HP:   -1/69 (72)    AC:  4    Str: 14    XL:     9   Next: 54%
MP:   9/9           EV: 28    Int:  7    God:
Gold: 446           SH:  0    Dex: 20    Spells: 8/8 levels left

rFire   . . .        a - +2 demon blade (pain)
rCold   . . .        (no shield)
rNeg    . . .        t - +0 troll leather armour {Pargi}
rPois   .            c - +0 helmet
rElec   .            (no cloak)
rCorr   .            (no gloves)
SInv    .            (no boots)
Will    .....        (no amulet)
Stlth   +            g - +5 ring of evasion
HPRegen 1.11/turn    n - +5 ring of evasion
MPRegen 0.11/turn

%: no passive effects
@: lightly drained
A: (nimble swimmer 2), mertail
a: no special abilities


You were on level 7 of the Dungeon.
You visited 1 branch of the dungeon, and saw 7 of its levels.
You also visited: Sewer.

You collected 446 gold pieces.

Inventory:

Hand Weapons
 a - a +2 demon blade of pain (weapon)
 e - the +11 dagger of Semaer {spect, *Rage rN+++ rCorr}
   (You took it off a kobold on level 4 of the Dungeon)

   rN+++:     It renders you almost immune to negative energy.
   *Rage:     It berserks you when you make melee attacks (+20% chance).
   rCorr:     It protects you from acid and corrosion.
 f - a +1 long sword of flaming
 y - a +4 sling of chaos
Missiles
 d - 3 throwing nets
 w - 19 poisoned darts (quivered)
 A - 7 javelins
Armour
 c - a +0 helmet (worn)
 t - a +0 troll leather armour (worn) {Pargi}
 z - a +2 leather armour of poison resistance
Jewellery
 g - a +5 ring of evasion (left hand)
 n - a +5 ring of evasion (right hand)
Wands
 x - a wand of flame (14)
Scrolls
 b - a scroll of teleportation
 h - 4 scrolls of fear
 j - a scroll of amnesia
 u - a scroll of fog {unknown}
 v - a scroll of revelation
 D - a scroll of identify
Potions
 i - 5 potions of curing
 k - a potion of lignification
 l - a potion of resistance {unknown}
 m - a potion of mutation {unknown}
 o - a potion of magic {unknown}
 p - a potion of ambrosia
 q - a potion of heal wounds {unknown}
 r - 2 potions of brilliance
 s - a potion of cancellation
 B - 2 potions of haste
 C - a potion of enlightenment {unknown}


   Skills:
 + Level 7.2 Fighting
 + Level 8.4 Long Blades
 - Level 2.0 Throwing
 + Level 4.6 Armour
 + Level 9.2 Dodging


You had 8 spell levels left.
You didn't know any spells.
Your spell library contained the following spells:

 Spells                   Type           Power      Damage    Failure   Level
 Apportation              Tloc           0%         N/A       50%         1
 Necrotise                Necr           0%         1d4       50%         1
 Jinxbite                 Hex            0%         N/A       65%         2
 Hailstorm                Conj/Ice       0%         3d3       86%         3
 Vampiric Draining        Necr           0%         2d6       86%         3
 Summon Ice Beast         Ice/Summ       0%         N/A       99%         4
 Agony                    Necr           0%         N/A       100%        5
 Alistair's Intoxication  Tmut/Pois      0%         N/A       100%        5
 Simulacrum               Ice/Necr       0%         N/A       100%        6


Dungeon Overview and Level Annotations

Branches:
Dungeon (7/15)              Sewer (visited)
 Temple: D:4-7

Altars:
Ashenzari
Dithmenos
Fedhas
Okawaru
Ru
Yredelemnul
Zin

Shops:
D:6 =


Innate Abilities, Weirdness & Mutations

((You are very nimble when in or above water. (Stealth+, EV+, Speed+++)))
Your lower body shifts to a powerful aquatic tail in water.


Message History

A sleepcap comes into view.
You are engulfed in a cloud of scalding steam.
The steam dragon bites you! The steam dragon misses you.
You barely miss the steam dragon. The steam dragon completely misses you.
The steam dragon misses you.
You slash the steam dragon!
The steam dragon is moderately wounded.
You hit the steam dragon.
The steam dragon is moderately wounded.
The steam dragon breathes steam at you. The ball of steam misses you.
The sleepcap attacks as it pursues you! The sleepcap closely misses you.
You slash the sleepcap!
The sleepcap is moderately damaged.
The steam dragon completely misses you. The steam dragon closely misses you.
The sleepcap closely misses you. The centaur hits you. The centaur misses you.
The steam dragon attacks as it pursues you!
The steam dragon bites you!
* * * LOW HITPOINT WARNING * * *
The steam dragon completely misses you.
You closely miss the centaur.
The centaur is severely wounded.
The centaur hits you but does no damage.
The centaur completely misses you. The steam dragon completely misses you.
The steam dragon misses you.
You barely miss the steam dragon.
The steam dragon is moderately wounded.
The centaur completely misses you. x2; The steam dragon completely misses you. x2
The centaur completely misses you. x2
You completely miss the steam dragon.
The steam dragon is moderately wounded.
The centaur completely misses you. x2
The steam dragon breathes steam at you. The ball of steam hits you!
* * * LOW HITPOINT WARNING * * *
You hit the steam dragon.
The steam dragon is moderately wounded.
You are engulfed in a cloud of scalding steam.
You die...

#...).....####
)#<#...##.##.....
...............##
...............#
#####.####.###.#
# #. #.###.###.#
#. #.........# #.
####.c.#####.#
#@#ยง.......
#.Df#####.. ##.##
... #.... #...##
#####


You could see a steam dragon (catching breath), a sleepcap and a centaur.

Vanquished Creatures
  5 yaks (D:5)
  Sigmund (D:6)
  Edmund (D:5)
  A water moccasin (D:5)
  Duvessa (D:6)
  Pargi (Sewer)
  An ogre (D:5)
  2 black bears
  A phantom (D:5)
  2 scorpions
  A bullfrog (D:5)
  3 wights (D:7)
  Dowan (D:6)
  A howler monkey (D:5)
  2 jellies
  A hound (D:4)
  2 orc priests
  An iguana (D:5)
  2 orc wizards
  10 adders
  3 gnolls (D:5)
  4 ufetubi
  A worm (D:4)
  3 dart slugs
  14 orcs
  4 endoplasms
  11 giant cockroaches
  4 goblins
  5 hobgoblins
  3 quokkas
  11 ball pythons
  7 bats
  8 frilled lizards
  7 kobolds
  8 rats
133 creatures vanquished.

Notes
Turn   | Place    | Note
-------+----------+-------------------------------------------
     0 | D:1      | voltaire321 the Merfolk Gladiator began the quest for the
                  | Orb.
     0 | D:1      | Reached XP level 1. HP: 16/16 MP: 1/1
   143 | D:1      | Reached XP level 2. HP: 15/23 MP: 2/2
   846 | D:2      | Reached XP level 3. HP: 28/28 MP: 3/3
  1360 | D:3      | Found a blossoming altar of Fedhas.
  1583 | D:3      | Reached skill level 1 in Armour
  1607 | D:3      | Found an iron altar of Okawaru.
  1682 | D:3      | Reached XP level 4. HP: 34/34 MP: 4/4
  1721 | D:3      | Reached skill level 5 in Dodging
  1721 | D:3      | Reached XP level 5. HP: 39/41 MP: 5/5
  2212 | D:4      | Found a glowing drain.
  2222 | Sewer    | Entered a sewer
  2320 | Sewer    | Noticed Pargi
  2325 | Sewer    | Killed Pargi
  2326 | Sewer    | Reached skill level 5 in Long Blades
  2326 | Sewer    | Reached XP level 6. HP: 45/48 MP: 6/6
  2593 | D:4      | Identified the +11 dagger of Semaer {spect, *Rage rN+++
                  | rCorr}
  2598 | D:4      | Noticed a black bear
  2656 | D:4      | Killed a black bear
  2657 | D:4      | Reached skill level 6 in Dodging
  2657 | D:4      | Reached XP level 7. HP: 50/55 MP: 7/7
  2924 | D:5      | Entered Level 5 of the Dungeon
  2933 | D:5      | Noticed Edmund
  2955 | D:5      | Killed Edmund
  3109 | D:5      | Found a glowing silver altar of Zin.
  3111 | D:5      | Found a sacrificial altar of Ru.
  3198 | D:5      | Found a shadowy altar of Dithmenos.
  3201 | D:5      | Found a broken altar of Ashenzari.
  3244 | D:5      | Reached skill level 5 in Fighting
  3321 | D:5      | Reached XP level 8. HP: 62/62 MP: 8/8
  3347 | D:5      | Reached skill level 7 in Dodging
  3512 | D:5      | Noticed a yak
  3514 | D:5      | Noticed a yak
  3516 | D:5      | Noticed a yak
  3519 | D:5      | Noticed a yak
  3520 | D:5      | Noticed a yak
  3533 | D:5      | Killed a yak
  3559 | D:5      | Killed a yak
  3560 | D:5      | Reached skill level 8 in Dodging
  3564 | D:5      | Killed a yak
  3570 | D:5      | Killed a yak
  3571 | D:5      | Reached XP level 9. HP: 71/71 MP: 9/9
  3784 | D:6      | Found Fewegaov's One-of-a-Kind Rings.
  3862 | D:6      | Noticed Sigmund
  3979 | D:6      | Identified a scroll of acquirement
  3979 | D:6      | Acquired a +2 demon blade of pain
  4277 | D:6      | Killed Sigmund
  4383 | D:6      | Noticed Dowan
  4385 | D:6      | Noticed Duvessa
  4398 | D:6      | Killed Duvessa
  4399 | D:6      | Reached skill level 9 in Dodging
  4402 | D:6      | Killed Dowan
  4620 | D:7      | Found a basalt altar of Yredelemnul.
  4671 | D:7      | HP: 3/69 [steam dragon/ball of steam (17)]
  4672 | D:7      | Engulfed by a steam dragon's steam

Illustrated notes

Levels and vault maps discovered:
D:1:      shiori_arrival_maze, layout_basic, minmay_misc_feat_enclosed
D:2:      layout_loops_cross, kennysheep_generic_room_13
D:3:      layout_loops_corners, mainiacjoe_overflow_surrounded_room,
          mainiacjoe_overflow_brackets, skrybe_limestone_x,
          chequers_serial_rivers_small_b
D:4:      layout_basic, gup_sewer_entry_bubbles, minmay_joined_circles
D:5:      layout_rooms, mainiacjoe_overflow_catwalk_spiral,
          nicolae_overflow_squiral, amcnicky_mini_rare_corridor_liquid,
          kennysheep_generic_room_8, uniq_edmund
D:6:      layout_cave_pods, nicolae_shop_unique_rings, uniq_duvessa,
          uniq_sigmund
D:7:      layout_loops_ring, yredelemnul_altar_generic,
          minmay_temple_entry_proselytizer, serial_shops, kennysheep_mini

Skill      XL: |  1  2  3  4  5  6  7  8  9 |
---------------+----------------------------+-----
Long Blades    | 4 5 6 7 8 |  8.4
Armour         | 1 2 3 4 |  4.6
Fighting       | 3 4 5 6 7 |  7.2
Dodging        | 5 6 8 9 |  9.2
Throwing       | |  2.0

Action                     |  1- 3 |  4- 6 |  7- 9 || total
---------------------------+-------+-------+-------++-------
  Melee: Long sword        |    87 |   112 |   151 ||   350
         Punch             |       |     1 |     4 ||     5
         Dagger            |       |       |    19 ||    19
         Tailslap          |       |       |     1 ||     1
         Demon blade       |       |       |    52 ||    52
  Throw: Javelin           |       |     2 |       ||     2
         Dart              |       |     3 |    12 ||    15
         Throwing net      |       |     1 |       ||     1
    Use: Scroll            |       |       |    14 ||    14
   Stab: Sleeping          |     2 |     2 |       ||     4
 Armour: Leather armour    |    28 |    23 |       ||    51
         Troll leather arm |       |     5 |    54 ||    59
  Dodge: Dodged            |    85 |   113 |   257 ||   455

Table legend: (Time is in decaauts)
 A = Elapsed time spent in this place.
 B = Non-inter-level travel time spent in this place.
 C = Inter-level travel time spent in this place.
 D = Time resting spent in this place.
 E = Time spent auto-exploring this place.
 F = Levels seen in this place.
 G = Mean time per level.
                   A        B        C        D        E       F      G
               +--------+--------+--------+--------+--------+-----+--------+
         Total |   4659 |   4522 |    137 |    208 |   3045 |   8 |  582.4 |
       Dungeon |   4530 |   4393 |    137 |    208 |   2977 |   7 |  647.1 |
         Sewer |    129 |    129 |      0 |      0 |     68 |   1 |  129.0 |
               +--------+--------+--------+--------+--------+-----+--------+

Top non-repeatable levels by time:
     D:3: 905 daAuts
     D:5: 867 daAuts
     D:6: 811 daAuts
     D:2: 662 daAuts
     D:1: 629 daAuts
     D:4: 603 daAuts
   Sewer: 129 daAuts
     D:7: 51 daAuts
